 Dungeon Crawl Stone Soup version 0.31-a0-536-ga3e2962e35 (webtiles) character file.

Game seed: 7109451322379957558

842 MacCMillion the Stinger (level 7, -1/50 HPs)
             Began as a White Draconian Venom Mage on Aug 13, 2023.
             Slain by a water moccasin (5 damage)
             ... on level 5 of the Dungeon.
             The game lasted 00:11:58 (6711 turns).

MacCMillion the Stinger (DrVM)                      Turns: 6711, Time: 00:11:58

Health: -1/50      AC:  6    Str: 11    XL:     7   Next: 67%
Magic:  9/13       EV: 12    Int: 17    God:
Gold:   338        SH:  0    Dex: 11    Spells: 4/14 levels left

rFire   . . .        t - +2 dagger (vamp)
rCold   + . .        (no shield)
rNeg    . . .        (body armour unavailable)
rPois   .            f - +0 hat
rElec   .            (no cloak)
rCorr   .            (no gloves)
SInv    .            (no boots)
Will    .....        (no amulet)
Stlth   ++           (no ring)
HPRegen 0.28/turn    (no ring)
MPRegen 0.13/turn

%: no passive effects
@: lethally poisoned (-1 -> -11), very slightly contaminated
A: breathe frost, AC +6, unfitting armour, cold resistance 1, cold-blooded
a: Breathe Frost


You were on level 5 of the Dungeon.
You visited 1 branch of the dungeon, and saw 5 of its levels.

You collected 338 gold pieces.

Inventory:

Hand Weapons
 d - a +0 dagger
 j - a +0 dagger of venom
 t - a +2 vampiric dagger (weapon)
 y - a +2 dagger of flaming
Missiles
 l - 5 poisoned darts
 E - a curare-tipped dart
Armour
 f - a +0 hat (worn)
 B - a +0 buckler
Jewellery
 b - an amulet of faith
 k - a ring of poison resistance
 D - a ring of flight
Wands
 w - a wand of flame (30)
 x - a wand of roots (13)
 C - a wand of digging (5)
Scrolls
 g - 2 scrolls of enchant armour {unknown}
 h - a scroll of teleportation {unknown}
 i - a scroll of enchant weapon {unknown}
 m - a scroll of fear {unknown}
 n - a scroll of silence {unknown}
 p - a scroll of acquirement {unknown}
 q - 2 scrolls of noise {unknown}
 r - 4 scrolls of identify {unknown}
 s - a scroll of torment {unknown}
 v - a scroll of fog {unknown}
 A - 3 scrolls of blinking {unknown}
Potions
 a - a potion of magic
 c - a potion of heal wounds {unknown}
 e - 2 potions of enlightenment {unknown}
 o - a potion of invisibility {unknown}
 u - a potion of lignification {unknown}
 z - a potion of berserk rage {unknown}


   Skills:
 - Level 1.7 Dodging
 - Level 1.7 Stealth
 - Level 4.0 Spellcasting
 + Level 2.9 Conjurations
 - Level 1.0 Transmutations
 - Level 3.0 Air Magic
 + Level 7.0 Poison Magic


You had 4 spell levels left.
You knew the following spells:

 Your Spells              Type           Power      Damage    Failure   Level
a - Sting                 Tmut/Pois      68%        1d6       3%          1
b - Poisonous Vapours     Pois/Air       40%        N/A       3%          2
c - Mephitic Cloud        Conj/Pois/Air  18%        N/A       9%          3
d - Olgreb's Toxic Radia  Pois           27%        N/A       9%          4

Your spell library contained the following spells:

 Spells                   Type           Power      Damage    Failure   Level
 Wereblood                Tmut           6%         N/A       16%         2
 Blink                    Tloc           6%         N/A       24%         2
 Sublimation of Blood     Necr           3%         N/A       24%         2
 Dazzling Flash           Conj/Hex       16%        N/A       26%         3
 Gell's Gravitas          Tloc           3%         N/A       43%         3
 Teleport Other           Tloc           3%         N/A       43%         3
 Volatile Blastmotes      Fire/Tloc      6%         2d10      43%         3
 Manifold Assault         Tloc           3%         N/A       83%         4
 Dispersal                Tloc           1%         N/A       100%        6
 Starburst                Conj/Fire      4%         6d3       100%        6
 Summon Hydra             Summ           1%         N/A       100%        7
 Maxwell's Capacitive Co  Air            6%         ∞         100%        8


Dungeon Overview and Level Annotations

Branches:
Dungeon (5/15)
 Temple: D:4-7

Altars:
Cheibriados
Fedhas
Trog
Yredelemnul
Zin

Annotations:
D:4 2 transporters


Innate Abilities, Weirdness & Mutations

You can breathe waves of freezing cold which knock back foes.
Your icy white scales are hard. (AC +6)
You cannot fit into any form of body armour.
Your flesh is cold resistant. (rC+)
You are cold-blooded and may be slowed by cold attacks.


Message History

The water moccasin is poisoned.
The water moccasin is moderately wounded.
The iguana hisses angrily.
The water moccasin bites you.
You miscast Sting.
You are very lightly contaminated with residual magic.
Nothing appears to happen.
The water moccasin misses you. x2
The sting hits the water moccasin.
The water moccasin partially resists.
The water moccasin is moderately wounded.
The water moccasin bites you.
You are poisoned.
The water moccasin poisons you!
The sting hits the water moccasin.
The water moccasin partially resists.
The water moccasin looks even sicker.
The water moccasin is moderately wounded.
You feel very sick. The ufetubus hits you.
The ufetubus hits you but does no damage.
The water moccasin bites you.
An ice beast comes into view.
The ufetubus hits you but does no damage.
The ufetubus barely misses you. The water moccasin bites you.
You are more poisoned.
The water moccasin poisons you!
You feel very sick.
* * * LOW HITPOINT WARNING * * *
You feel very sick. The ufetubus hits you.
* * * LOW HITPOINT WARNING * * *
The ufetubus misses you.
The water moccasin attacks as you move away!
The water moccasin barely misses you. The ufetubus attacks as you move away!
The ufetubus closely misses you. The ufetubus hits you.
* * * LOW HITPOINT WARNING * * *
x2 You feel very sick.
The water moccasin bites you.
* * * LOW HITPOINT WARNING * * *
The water moccasin attacks as you move away!
The water moccasin bites you.
You die...

#........# #.........
#........###.........
####.............##.
######.............#
#....................
#.######..............
####.######...........##.#
#.....................# .#
#........@.##........#
#.......S5.##........#
#..!....!l.'.........
#..........##.......
.............# .....
....................
........._..._.# .
.........Y......#
##.........⌠.._..


You could see a water moccasin (very poisoned), an ice beast (wandering), an
iguana and an ufetubus.

Vanquished Creatures
  Edmund (D:4)
  Pargi (D:3)
  A phantom (D:4)
  A kobold brigand (D:4)
  A scorpion (D:5)
  2 hounds
  A sleepcap (D:5)
  An iguana (D:4)
  Jessica (D:3)
  3 orc wizards (D:3)
  5 gnolls
  8 adders
  A shadow imp (D:5)
  2 dart slugs
  10 orcs
  6 ball pythons
  8 endoplasms
  2 giant cockroaches
  7 goblins
  9 hobgoblins
  A quokka (D:1)
  2 bats
  4 frilled lizards
  8 kobolds
  2 rats (D:1)
88 creatures vanquished.

Notes
Turn   | Place    | Note
-------+----------+-------------------------------------------
     0 | D:1      | MacCMillion the Draconian Venom Mage began the quest for
                  | the Orb.
     0 | D:1      | Reached XP level 1. HP: 14/14 MP: 3/3
   323 | D:1      | Reached XP level 2. HP: 20/20 MP: 5/5
   710 | D:1      | Learned a level 2 spell: Poisonous Vapours
   934 | D:1      | Reached skill level 4 in Poison Magic
  1249 | D:2      | Found a bloodstained altar of Trog.
  1436 | D:2      | Reached XP level 3. HP: 26/26 MP: 3/6
  1522 | D:2      | Reached skill level 1 in Air Magic
  2572 | D:3      | Found a faded altar of an unknown god.
  2749 | D:3      | Reached XP level 4. HP: 33/33 MP: 3/7
  3466 | D:3      | Noticed Pargi
  3659 | D:3      | Killed Pargi
  3660 | D:3      | Reached skill level 5 in Poison Magic
  3660 | D:3      | Reached XP level 5. HP: 24/38 MP: 0/8
  4059 | D:3      | Noticed Jessica
  4063 | D:3      | Killed Jessica
  4064 | D:3      | Reached XP level 6. HP: 45/45 MP: 5/10
  4978 | D:4      | Found a transporter.
  4997 | D:4      | Found a transporter.
  5053 | D:4      | Reached skill level 6 in Poison Magic
  5135 | D:4      | Learned a level 3 spell: Mephitic Cloud
  5140 | D:4      | Learned a level 4 spell: Olgreb's Toxic Radiance
  5699 | D:4      | Noticed Edmund
  5729 | D:5      | Entered Level 5 of the Dungeon
  5752 | D:4      | Reached skill level 1 in Conjurations
  5752 | D:4      | Your scales start taking on an icy white colour.
  5752 | D:4      | Reached XP level 7. HP: 26/50 MP: 5/12
  5752 | D:4      | Gained mutation: Your flesh is cold resistant. (rC+) [White
                  | Draconian growth]
  5909 | D:4      | Killed Edmund
  6578 | D:5      | Reached skill level 7 in Poison Magic
  6697 | D:5      | Found a glowing silver altar of Zin.
  6699 | D:5      | Found a basalt altar of Yredelemnul.
  6700 | D:5      | Found a snail-covered altar of Cheibriados.
  6702 | D:5      | Found a blossoming altar of Fedhas.
  6711 | D:5      | Slain by a water moccasin

Illustrated notes

Levels and vault maps discovered:
D:1:      heliophobic_arrival_battle_scene, layout_basic,
          dreamdust_wishing_well, minmay_misc_feat_columns, minmay_surrounded
D:2:      layout_basic, basic_altar, minmay_misc_feat_nine_boxes,
          nicolae_underground_beach
D:3:      layout_basic, shapermc_ecumenical_altar_venn, minmay_misc_feat_rows,
          uniq_jessica, uniq_pargi
D:4:      gammafunk_steamed_eel, layout_basic, guppyfry_early_lair_pool,
          uniq_edmund
D:5:      layout_basic, grunt_temple_overflow_open

Skill      XL: |  1  2  3  4  5  6  7 |
---------------+----------------------+-----
Poison Magic   | 4 5 6 7 |  7.0
Air Magic      | 1 3 |  3.0
Spellcasting   | 3 4 |  4.0
Conjurations   | 1 2 |  2.9
Dodging        | |  1.7
Stealth        | |  1.7
Transmutations | |  1.0

Action                     |  1- 3 |  4- 6 |  7- 9 || total
---------------------------+-------+-------+-------++-------
  Melee: Dagger            |    25 |    72 |    33 ||   130
         Unarmed           |     2 |       |       ||     2
         Tailslap          |     3 |     8 |     7 ||    18
         Punch             |       |     2 |       ||     2
   Cast: Sting             |    55 |    85 |    41 ||   181
         Poisonous Vapours |       |     7 |     4 ||    11
   Stab: Sleeping          |       |     1 |       ||     1
 Armour: Skin              |    20 |    44 |    14 ||    78
  Dodge: Dodged            |    34 |    84 |    46 ||   164

Table legend: (Time is in decaauts)
 A = Elapsed time spent in this place.
 B = Non-inter-level travel time spent in this place.
 C = Inter-level travel time spent in this place.
 D = Time resting spent in this place.
 E = Time spent auto-exploring this place.
 F = Levels seen in this place.
 G = Mean time per level.
                   A        B        C        D        E       F      G
               +--------+--------+--------+--------+--------+-----+--------+
         Total |   6723 |   6529 |    194 |   2153 |   3369 |   5 | 1344.6 |
       Dungeon |   6723 |   6529 |    194 |   2153 |   3369 |   5 | 1344.6 |
               +--------+--------+--------+--------+--------+-----+--------+

Top non-repeatable levels by time:
     D:3: 1906 daAuts
     D:4: 1862 daAuts
     D:1: 1233 daAuts
     D:2: 1167 daAuts
     D:5: 553 daAuts
